 Dungeon Crawl Stone Soup version 0.28-a0-683-ga8797d1ae1 (webtiles) character file.

Game seed: 4686964545469004190

95 shoop the Ogre Mage (level 4, -5/39 HPs)
             Began as an Ogre Hedge Wizard on Oct 18, 2021.
             Slain by Natasha (8 damage)
             ... on level 3 of the Dungeon.
             The game lasted 00:04:41 (2883 turns).

shoop the Ogre Mage (Ogre Hedge Wizard)             Turns: 2883, Time: 00:04:42

Health: -5/39      AC:  4    Str: 15    XL:     4   Next: 66%
Magic:  1/10       EV:  9    Int: 15    God:
Gold:   142        SH:  0    Dex:  8    Spells: 8/11 levels left

rFire   . . .      SeeInvis .   j - +0 dagger (venom)
rCold   . . .      Faith    .   (no shield)
rNeg    . . .      Spirit   .   b - +0 robe
rPois   .          Reflect  .   d - +1 hat
rElec   .          Harm     .   (no cloak)
rCorr   .          Rampage  .   (gloves unavailable)
Will    .....                   (boots unavailable)
Stlth   ++........              (no amulet)
HPRegen 0.13/turn               (no ring)
MPRegen 0.12/turn               (no ring)

@: no status effects
A: large, unfitting armour, tough skin 1
a: no special abilities


You were on level 3 of the Dungeon.
You visited 1 branch of the dungeon, and saw 3 of its levels.

You collected 142 gold pieces.

Inventory:

Hand Weapons
 a - a +0 dagger
 j - a +0 dagger of venom (weapon)
Missiles
 f - 6 curare-tipped darts
 h - 12 poisoned darts
Armour
 b - a +0 robe (worn)
 c - a +0 hat
 d - a +1 hat (worn)
Scrolls
 g - a scroll of silence {unknown}
 i - a scroll of teleportation {unknown}
Potions
 e - 2 potions of heal wounds
 k - a potion of curing {unknown}


   Skills:
 - Level 1.0 Throwing
 - Level 2.0 Dodging
 - Level 2.0 Stealth
 - Level 4.1 Spellcasting
 + Level 2.8 Conjurations
 - Level 0.8 Summonings
 - Level 0.8 Translocations


You had 8 spell levels left.
You knew the following spells:

 Your Spells              Type           Power      Damage    Failure   Level
a - Magic Dart            Conj           44%        1d5       5%          1
b - Blink                 Tloc           N/A        N/A       19%         2

Your spell library contained the following spells:

 Spells                   Type           Power      Damage    Failure   Level
 Call Imp                 Summ           5%         N/A       19%         2
 Slow                     Hex            3%         N/A       26%         2
 Conjure Flame            Conj/Fire      7%         6-21      30%         3
 Mephitic Cloud           Conj/Pois/Air  5%         N/A       36%         3
 Tukima's Dance           Hex            3%         N/A       47%         3
 Passage of Golubria      Tloc           5%         N/A       77%         4
 Yara's Violent Unravell  Hex/Tmut       1%         3d3       99%         5


Dungeon Overview and Level Annotations

Branches:
Dungeon (3/15)

Altars:

Annotations:
D:3 Natasha


Innate Abilities, Weirdness & Mutations

You are too large for most types of armour.
You have tough skin. (AC +1)


Message History

The crimson imp lashes its tail.
You miss something. Something claws you!
You miss something.
You hear some strange, mumbled words.
A magic dart appears from out of thin air!
The magic dart hits you.
* * * LOW HITPOINT WARNING * * *
You closely miss something.
You hear some strange, mumbled words.
You hear some strange, mumbled words.
Casting: Magic Dart (safe; 5% risk of failure)
Confirm with . or Enter, or press ? or * to list all spells.
Aiming: Magic Dart (safe; 5% risk of failure)
Press: ? - help, Shift-Dir - straight line, f/p - worm
Aim: a worm (severely wounded, 100% to hit)
The magic dart hits something.
Something claws you but does no damage.
You miss something. Something claws you!
* * * LOW HITPOINT WARNING * * *
It was a potion of heal wounds.
You feel much better. Something claws you!
You miss something.
The crimson imp blinks!
Something claws you.
You closely miss the crimson imp. The crimson imp closely misses you.
Something claws you.
You barely miss something.
The crimson imp hits you but does no damage.
You hear some strange, mumbled words.
A magic dart appears from out of thin air!
The magic dart hits you!
* * * LOW HITPOINT WARNING * * *
The crimson imp hits you.
* * * LOW HITPOINT WARNING * * *
The crimson imp hits you but does no damage.
The crimson imp hits you but does no damage.
The crimson imp hits you but does no damage.
Something claws you.
* * * LOW HITPOINT WARNING * * *
The crimson imp blinks!
A kobold comes into view. It is wielding a +0 short sword.
There is a stone staircase leading up here.
Something claws you!
You die...

#......h #. .K##......
.. #.##.....# #.
#.##..#).#
###.##.##..##'########
#......##............#
##......##............#
........##............##
#.@##5.............
#...#.#............
#...#)#............
#..5#.#...)........
#####....w#............
#.........##########...
#.........# #...
#.........# #...
#.........# #...


You could see a white imp (summoned) and a kobold (wandering).

Vanquished Creatures
  Natasha (D:3)
  A worm (D:3)
  3 dart slugs (D:2)
  3 orcs (D:3)
  5 ball pythons
  8 endoplasms
  A giant cockroach (D:2)
  4 goblins (D:2)
  4 hobgoblins
  2 quokkas
  7 bats
  5 frilled lizards
  7 kobolds
  10 rats
61 creatures vanquished.

Notes
Turn   | Place    | Note
-------+----------+-------------------------------------------
     0 | D:1      | shoop the Ogre Hedge Wizard began the quest for the Orb.
     0 | D:1      | Reached XP level 1. HP: 16/16 MP: 5/5
   288 | D:1      | Reached skill level 4 in Spellcasting
   358 | D:1      | Reached XP level 2. HP: 24/24 MP: 4/7
   403 | D:1      | Learned a level 2 spell: Blink
   493 | D:1      | Reached skill level 1 in Conjurations
  1105 | D:1      | Reached XP level 3. HP: 31/31 MP: 2/8
  1909 | D:2      | Reached skill level 1 in Throwing
  2421 | D:3      | Noticed Natasha
  2436 | D:3      | Killed Natasha
  2437 | D:3      | Reached XP level 4. HP: 21/39 MP: 10/10
  2764 | D:3      | Noticed Natasha
  2883 | D:3      | Slain by Natasha

Illustrated notes

Levels and vault maps discovered:
D:1:      erik_arrival_cave_to_civilisation [erik_arrival_cave_to_hall],
          layout_basic
D:2:      minmay_door_path, layout_basic, minmay_split_cup_large
D:3:      layout_basic, lemuel_crystal_altar, overflow_temple_1_default,
          serial_shops, nicolae_shop_stone, uniq_natasha

Skill      XL: |  1  2  3 |
---------------+----------+-----
Spellcasting   | 4 |  4.1
Conjurations   | 1 2 |  2.8
Dodging        | 2 |  2.0
Stealth        | 2 |  2.0
Throwing       | 1 |  1.0
Summonings     | |  0.8
Translocations | |  0.8

Action                   |  1- 3 |  4- 6 || total
-------------------------+-------+-------++-------
Melee: Dagger            |    27 |    33 ||    60
 Cast: Magic Dart        |   101 |    36 ||   137
  Use: Potion            |       |     1 ||     1
Armor: Robe              |    16 |    13 ||    29
Dodge: Dodged            |    17 |     5 ||    22

Table legend: (Time is in decaauts)
 A = Elapsed time spent in this place.
 B = Non-inter-level travel time spent in this place.
 C = Inter-level travel time spent in this place.
 D = Time resting spent in this place.
 E = Time spent auto-exploring this place.
 F = Levels seen in this place.
 G = Mean time per level.
                   A        B        C        D        E       F      G
               +--------+--------+--------+--------+--------+-----+--------+
         Total |   2882 |   2833 |     49 |    240 |   2200 |   3 |  960.7 |
       Dungeon |   2882 |   2833 |     49 |    240 |   2200 |   3 |  960.7 |
               +--------+--------+--------+--------+--------+-----+--------+

Top non-repeatable levels by time:
     D:1: 1253 daAuts
     D:2: 1104 daAuts
     D:3: 524 daAuts
